 Dungeon Crawl Stone Soup version 0.31.0-1-g2c135a0 (webtiles) character file.

Game seed: 8761658115302141827

13044 joeMamaqwertyuiop the Reanimator (level 11, -1/68 HPs)
             Began as a Demonspawn Necromancer on Mar 6, 2024.
             Was a Priest of Hepliaklqana.
             Killed by divine providence
             ... invoked by a meliai
              (9 damage)
             ... on level 2 of the Lair of Beasts.
             The game lasted 00:55:19 (12232 turns).

joeMamaqwertyuiop the Reanimator (DsNe)            Turns: 12232, Time: 00:55:19

Health: -1/68      AC:  6    Str:  8    XL:     11   Next: 70%
Magic:  14/26      EV: 14    Int: 21    God:    Hepliaklqana [***...]
Gold:   740        SH:  5    Dex: 17    Spells: 25/32 levels left

rFire   + . .        l - +3 dagger (venom)
rCold   x . .        g - orb {*Rage}
rNeg    . . .        a - +0 robe
rPois   .            (no helmet)
rElec   .            z - +1 cloak {Stlth+}
rCorr   .            (no gloves)
SInv    .            (no boots)
Will    ++...        J - amulet of reflection
Stlth   ++++         B - +6 ring of dexterity
HPRegen 0.31/turn    m - ring of fire
MPRegen 0.40/turn

%: random rage (20%), reflection
@: lethally poisoned (-1 -> -4)
A: reduced essence, yellow scales 1, foul stench 1, magic regeneration, weakness
stinger 2, clumsy 1, strong-willed 2, subdued magic 1
a: Renounce Religion, Recall Ancestor, Ancestor Identity, Transference


You were on level 2 of the Lair of Beasts.
You worshipped Hepliaklqana.
Hepliaklqana was most pleased with you.
You visited 3 branches of the dungeon, and saw 12 of its levels.
You also visited: Ossuary.

You collected 740 gold pieces.

Inventory:

Hand Weapons
 d - a +3 quarterstaff of chaos
 l - a +3 dagger of venom (weapon)
Armour
 a - a +0 robe (worn)
 g - an orb of wrath (worn)
 z - a +1 cloak of stealth (worn)
Jewellery
 m - a ring of fire (right hand)
 B - a +6 ring of dexterity (left hand)
 J - an amulet of reflection (around neck)
Wands
 p - a wand of flame (15)
 x - a wand of charming (7)
Scrolls
 b - a scroll of noise {unknown}
 f - a scroll of fear
 k - a scroll of summoning
 n - 2 scrolls of fog
 q - a scroll of enchant weapon
 r - 6 scrolls of teleportation
 v - 2 scrolls of amnesia
 w - a scroll of poison
 y - 2 scrolls of enchant armour {unknown}
 E - 2 scrolls of torment
 F - 3 scrolls of vulnerability {unknown}
 G - a scroll of brand weapon {unknown}
 H - 2 scrolls of identify
 I - a scroll of revelation {unknown}
Potions
 e - a potion of lignification
 h - 2 potions of berserk rage
 i - a potion of enlightenment {unknown}
 j - a potion of ambrosia
 o - 9 potions of curing
 s - 2 potions of haste {unknown}
 u - a potion of brilliance {unknown}
 C - a potion of invisibility {unknown}
 D - 3 potions of attraction {unknown}


   Skills:
 + Level 3.7 Fighting
 + Level 4.5 Short Blades
 + Level 4.8 Dodging
 + Level 4.0 Stealth
 + Level 0.1 Unarmed Combat
 + Level 11.3 Spellcasting
 + Level 2.9 Conjurations
 + Level 1.1 Summonings
 + Level 12.7 Necromancy


You had 25 spell levels left.
You knew the following spells:

 Your Spells              Type           Power      Damage    Failure   Level
a - Necrotise             Necr           100%       1d9       0%          1
b - Magic Dart            Conj           72%        1d6       1%          1
c - Call Imp              Summ           24%        N/A       4%          2
d - Vampiric Draining     Necr           50%        2d9       1%          3

Your spell library contained the following spells:

 Spells                   Type           Power      Damage    Failure   Level
 Animate Dead             Necr           50%        N/A       1%          4
 Curse of Agony           Necr           50%        N/A       1%          5
 Slow                     Hex            36%        N/A       4%          1
 Blink                    Tloc           18%        N/A       7%          2
 Hailstorm                Conj/Ice       13%        3d6       8%          3
 Call Canine Familiar     Summ           12%        N/A       9%          3
 Summon Ice Beast         Ice/Summ       10%        N/A       12%         3
 Confusing Touch          Hex            9%         N/A       14%         3
 Sigil of Binding         Hex            9%         N/A       14%         3
 Dimensional Bullseye     Hex/Tloc       4%         N/A       45%         4
 Vhi's Electric Charge    Tloc/Air       18%        N/A       45%         4
 Arcjolt                  Conj/Air       6%         1d16      61%         5
 Sculpt Simulacrum        Ice/Alch       4%         N/A       100%        6
 Maxwell's Capacitive Co  Air            4%         ∞         100%        8


Dungeon Overview and Level Annotations

Branches:
Dungeon (9/15)             Temple (1/1) D:6            Lair (2/5) D:8
 Spider (0/4) Lair:2      Ossuary (visited)
  Swamp: Lair:2-3    Shoals: Lair:2-3       Orc: D:9-12

Altars:
Ashenzari
Cheibriados
Dithmenos
Fedhas
Gozag
Hepliaklqana
Makhleb
Nemelex Xobeh
Okawaru
Ru
Sif Muna
Trog
Uskayaw
Vehumet
Wu Jian
Xom
Yredelemnul


Innate Abilities, Weirdness & Mutations

Your life essence is reduced to manifest your ancestor. (-10% HP)
You are partially covered in yellow scales. (AC +2)
You may rarely emit foul miasma when damaged in melee.
You regenerate magic rapidly.
You have a tail ending in a sharp stinger.
You are clumsy. (Dex -2)
You are highly strong-willed. (Will++)
Your spells are a little easier to cast, but a little less powerful.


Message History

You feel life coursing into your body. The killer bee stings you!
You are poisoned.
The killer bee poisons you!
You emit a cloud of foul miasma!
The killer bee is engulfed in dark miasma.
The killer bee is poisoned.
The killer bee stings you but does no damage.
Your cane toad skeleton barely misses the meliai.
Casting: Vampiric Draining (safe; 1% risk of failure)
Confirm with . or Enter, or press ? or * to list all spells.
Aiming: Vampiric Draining (safe; 1% risk of failure)
Press: ? - help, Shift-Dir - straight line, f/p - killer bee
Aim: a killer bee (foul pestilence, moderately wounded, poisoned, ally target)
You draw life force from the killer bee!
You kill the killer bee!
You feel life coursing into your body.
You feel very sick.
Your cane toad skeleton closely misses the meliai.
You feel sick. The meliai hits you with a +0 hand axe!
* * * LOW HITPOINT WARNING * * *
The meliai barely misses you. x2
The meliai hits your cane toad skeleton with a +0 hand axe.
The meliai closely misses you.
Found 3 stones.
You feel sick. The meliai hits you with a +0 hand axe!
* * * LOW HITPOINT WARNING * * *
The meliai hits your cane toad skeleton with a +0 hand axe.
The meliai misses you.
Your cane toad skeleton hits the meliai but does no damage.
The meliai hits your cane toad skeleton with a +0 hand axe.
The meliai closely misses you.
The meliai stings your cane toad skeleton.
Casting: Vampiric Draining (safe; 1% risk of failure)
Confirm with . or Enter, or press ? or * to list all spells.
Aiming: Vampiric Draining (safe; 1% risk of failure)
Press: ? - help, Shift-Dir - straight line, f - meliai
Aim: a meliai, wielding a +0 hand axe and wearing a +0 leather armour (heavily wounded, not watching you, ally target)
You draw life force from the meliai!
You feel life coursing into your body.
You feel sick.
The meliai invokes the aid of its god against you.
Something smites you!
You die...

........#.# #.#.#.##.##
### #....## #######.+P##
## #..........#
##.###### # #..........#
#.#.###.#.P
#..........###.##...##..
#..........P..#○y.#...#.
..............#Z@###..#(
#...........##..#...#.#.
...........####†#.>####.
#..........###..#.#.#.##
####.#.+.####.#..###..##
####..# ###.......## #.#
##.##.#.##.# ..
..P.###.... .........


You could see a meliai (ally target) and a friendly cane toad skeleton.

Vanquished Creatures
  A black mamba (Lair:1)
  2 cane toads
  2 komodo dragons
  2 blink frogs (Lair:1)
  A wyvern (D:8)
  A wraith (D:7)
  12 yaks
  Menkaure (Ossuary)
  5 water moccasins
  An orc warrior (D:8)
  An ice beast (D:8)
  6 black bears
  A sky beast (D:7)
  2 ogres (D:5)
  2 centaurs (D:6)
  A kobold brigand (D:6)
  A phantom (D:5)
  4 bullfrogs
  An elf zombie (Ossuary)
  A gnoll sergeant (D:7)
  4 scorpions
  2 killer bees (Lair:2)
  2 howler monkeys
  2 bombardier beetles
  A crimson imp (D:3)
  2 centaur zombies (Ossuary)
  6 hounds
  An orc priest (D:6)
  Crazy Yiuf (D:4)
  3 jellies (D:6)
  A sleepcap (D:8)
  Natasha (twice) (D:3)
  Terence (D:3)
  A hexer (Lair:1)
  6 iguanas
  5 orc wizards
  3 ogre zombies (Ossuary)
  6 mummies (Ossuary)
  4 gnolls
  10 adders
  2 shadow imps (D:5)
  3 white imps
  2 ufetubi
  5 adder zombies (Ossuary)
  A dart slug (D:4)
  3 ribbon worms
  9 orcs
  6 bats
  6 endoplasms
  4 giant cockroaches
  A gnoll zombie (Ossuary)
  10 goblins
  7 hobgoblins
  5 jackals
  9 kobolds
  5 ball pythons
  3 frilled lizards
  2 goblin zombies (Ossuary)
  3 hobgoblin zombies (Ossuary)
  7 kobold zombies (Ossuary)
  4 quokka zombies (Ossuary)
  3 rats
  2 rat zombies (Ossuary)
213 creatures vanquished.

Vanquished Creatures (collateral kills)
  6 death yaks (Lair:1)
  A cane toad (Lair:1)
  A rime drake (Lair:1)
  2 blink frogs (Lair:1)
  A wyvern (D:8)
  An acid dragon (D:8)
  A water moccasin (Lair:1)
  An ogre (D:7)
  A kobold brigand (D:7)
  3 bullfrogs
  A killer bee (Lair:2)
  A bombardier beetle (D:7)
  An iguana (D:7)
  2 orc wizards (D:7)
  6 gnolls
  An adder (D:2)
  2 ufetubi
  2 orcs
  A hobgoblin (D:4)
  2 jackals
  A quokka (D:4)
  3 kobolds
  A rat (D:2)
42 creatures vanquished.

Vanquished Creatures (others)
  2 ancestors (D:8)
  5 hexers
7 creatures vanquished.

Grand Total: 262 creatures vanquished

Notes
Turn   | Place    | Note
-------+----------+-------------------------------------------
     0 | D:1      | joeMamaqwertyuiop the Demonspawn Necromancer began the
                  | quest for the Orb.
     0 | D:1      | Reached XP level 1. HP: 13/13 MP: 3/3
   150 | D:1      | Found a faded altar of an unknown god.
   337 | D:1      | Gained mutation: You have a small tail. [demonic ancestry]
   337 | D:1      | Reached XP level 2. HP: 3/19 MP: 0/5
   765 | D:2      | Gained mutation: You have a tail ending in a sharp stinger.
                  | [demonic ancestry]
   765 | D:2      | Reached XP level 3. HP: 15/24 MP: 1/6
  1436 | D:2      | Reached skill level 5 in Necromancy
  1783 | D:2      | Reached XP level 4. HP: 30/30 MP: 4/8
  2120 | D:3      | Found a broken altar of Ashenzari.
  2189 | D:3      | Noticed Terence
  2201 | D:3      | Killed Terence
  2303 | D:3      | Found a snail-covered altar of Cheibriados.
  2312 | D:3      | Reached XP level 5. HP: 20/35 MP: 2/9
  2496 | D:3      | Noticed Natasha
  2503 | D:3      | Killed Natasha
  2657 | D:3      | Found a radiant altar of Vehumet.
  2657 | D:3      | Found a burning altar of Makhleb.
  2667 | D:3      | Reached skill level 6 in Necromancy
  2937 | D:3      | Noticed Natasha
  2944 | D:3      | Killed Natasha
  3044 | D:4      | Noticed a black bear
  3061 | D:4      | Killed a black bear
  3062 | D:4      | Gained mutation: You may rarely emit foul miasma when
                  | damaged in melee. [demonic ancestry]
  3062 | D:4      | Reached XP level 6. HP: 11/41 MP: 2/11
  3073 | D:4      | Found a sand-covered staircase.
  3360 | Ossuary  | Entered an ossuary
  3497 | Ossuary  | Learned a level 1 spell: Magic Dart
  3731 | Ossuary  | Reached skill level 1 in Fighting
  3824 | Ossuary  | Reached XP level 7. HP: 48/48 MP: 11/13
  3859 | Ossuary  | Reached skill level 1 in Short Blades
  3873 | Ossuary  | Reached skill level 7 in Necromancy
  3897 | Ossuary  | Noticed Menkaure
  4327 | Ossuary  | Learned a level 2 spell: Call Imp
  4351 | Ossuary  | Killed Menkaure
  5027 | D:4      | Found a runed translucent door.
  5028 | D:4      | Noticed Crazy Yiuf
  5106 | D:4      | Killed Crazy Yiuf
  5107 | D:4      | Reached skill level 1 in Conjurations
  5107 | D:4      | Reached XP level 8. HP: 56/56 MP: 15/15
  5203 | D:5      | Entered Level 5 of the Dungeon
  5262 | D:5      | Reached skill level 5 in Spellcasting
  5766 | D:5      | Reached skill level 8 in Necromancy
  5790 | D:5      | Gained mutation: You are covered in fur. (AC +1) [potion of
                  | mutation]
  5790 | D:5      | Gained mutation: You have large cloven feet. [potion of
                  | mutation]
  5797 | D:5      | Lost mutation: You have large cloven feet. [potion of
                  | mutation]
  5797 | D:5      | Lost mutation: You are covered in fur. (AC +1) [potion of
                  | mutation]
  5797 | D:5      | Gained mutation: You passively map a small area around you.
                  | [potion of mutation]
  5797 | D:5      | Lost mutation: You passively map a small area around you.
                  | [potion of mutation]
  5798 | D:5      | Gained mutation: You are strong-willed. (Will+) [potion of
                  | mutation]
  5798 | D:5      | Gained mutation: You are highly strong-willed. (Will++)
                  | [potion of mutation]
  5798 | D:5      | Gained mutation: You have hidden genetic defects. [potion
                  | of mutation]
  5798 | D:5      | Gained mutation: Your mind is acute. (Int +4, Str/Dex -1)
                  | [potion of mutation]
  6210 | D:6      | Found an iron altar of Okawaru.
  6363 | D:6      | Found a sacrificial altar of Ru.
  6376 | D:6      | Gained mutation: You have terrible hidden genetic defects.
                  | [hidden defects]
  6606 | D:6      | Found a staircase to the Ecumenical Temple.
  6661 | Temple   | Entered the Ecumenical Temple
  6677 | Temple   | Became a worshipper of Hepliaklqana the Forgotten
  6783 | D:6      | Gained mutation: You regenerate magic rapidly. [demonic
                  | ancestry]
  6783 | D:6      | Reached XP level 9. HP: 50/61 MP: 10/18
  6858 | D:6      | Gained mutation: Your spells are a little easier to cast,
                  | but a little less powerful. [hidden defects]
  6858 | D:6      | Lost mutation: You have terrible hidden genetic defects.
                  | [hidden defects expressed]
  7045 | D:6      | Reached skill level 9 in Necromancy
  7264 | D:6      | Gained mutation: You are clumsy. (Dex -2) [hidden defects]
  7410 | D:6      | You fall into a shaft and drop 3 floors!
  7669 | D:9      | Reached * piety under Hepliaklqana
  7969 | D:8      | Lost mutation: Your mind is acute. (Int +4, Str/Dex -1)
                  | [hidden defects]
  7969 | D:8      | Lost mutation: You have hidden genetic defects. [hidden
                  | defects expressed]
  8029 | D:6      | Learned a level 3 spell: Vampiric Draining
  8259 | D:6      | Found a blossoming altar of Fedhas.
  8529 | D:7      | Reached ** piety under Hepliaklqana
  8591 | D:7      | Remembered your ancestor Tawil as a hexer
  9051 | D:7      | Gained mutation: You are partially covered in yellow
                  | scales. (AC +2) [demonic ancestry]
  9051 | D:7      | Reached XP level 10. HP: 59/61 MP: 19/22
  9713 | D:8      | Found a staircase to the Lair.
  9732 | D:8      | Reached skill level 10 in Necromancy
  9776 | Lair:1   | Entered Level 1 of the Lair of Beasts
  9840 | Lair:1   | Noticed a black mamba
  9848 | Lair:1   | Killed a black mamba
  9849 | Lair:1   | Reached skill level 1 in Summonings
 10242 | D:8      | Found a shadowy altar of Dithmenos.
 10791 | Lair:1   | Noticed a death yak
 10814 | Lair:1   | Killed a death yak
 10935 | Lair:1   | Noticed a death yak
 10937 | Lair:1   | Noticed a death yak
 10938 | Lair:1   | Noticed a death yak
 10939 | Lair:1   | Noticed a death yak
 10940 | Lair:1   | Noticed a death yak
 10943 | Lair:1   | Noticed a cane toad
 10947 | Lair:1   | Killed a death yak
 10948 | Lair:1   | Reached skill level 10 in Spellcasting
 10948 | Lair:1   | Reached skill level 11 in Necromancy
 10959 | Lair:1   | Killed a cane toad
 10960 | Lair:1   | Reached XP level 11. HP: 4/67 MP: 16/25
 10961 | Lair:1   | HP: 3/67 [poisoned by a cane toad]
 10961 | Lair:1   | Killed a death yak
 10966 | Lair:1   | Killed a death yak
 10968 | Lair:1   | Killed a death yak
 10976 | Lair:1   | Killed a death yak
 11195 | Lair:1   | Reached *** piety under Hepliaklqana
 11242 | Lair:1   | Reached skill level 12 in Necromancy
 12211 | Lair:2   | Found a hole to the Spider Nest.
 12232 | Lair:2   | Killed from afar by a meliai

Illustrated notes

Levels and vault maps discovered:
D:1:      minmay_arrival_shattered_statue, layout_basic,
          nicolae_ecumenical_snake_handling, minmay_tromino_v4_a
D:2:      layout_loops_cross, dreamdust_princess_bridge,
          minmay_increasing_density
D:3:      layout_basic, grunt_temple_overflow_lords_of_destruction,
          slow_altar_1, mainiacjoe_overflow_paths, uniq_terence, uniq_natasha
D:4:      layout_loops_ring, enter_ossuary_1, uniq_crazy_yiuf_cottage
D:5:      layout_rooms
D:6:      minmay_bubble_buster, layout_basic,
          mainiacjoe_overflow_surrounded_room, nicolae_ru_sacrificial_ziggurat,
          fedhas_altar_fruit_tree, minmay_temple_entry_overgrown
D:7:      layout_layer_cave, lemuel_crystal_altar, mrwooster_statue_mirror,
          minmay_a_box_with_orc_wizards_in_it
D:8:      layout_gridville, nicolae_dithmenos_the_darkroom,
          grunt_lair_entry_orc_guard_hut, eino_tiny_chamber
D:9:      layout_basic, nicolae_kikubaaqudgha_miasma_corner,
          roderic_cross_of_infinity
Temple:   nicolae_temple_two_arcs
Lair:1:   layout_hall_layers
Lair:2:   layout_roguey, minmay_shoals_entry_centaurs,
          hellmonk_spider_entry_not_the_bees, ebering_ghost_inner_flame

Skill      XL: |  1  2  3  4  5  6  7  8  9 10 11 |
---------------+----------------------------------+-----
Dodging        | 2 3 4 |  4.8
Necromancy     | 5 6 7 8 9 11 12 | 12.7
Stealth        | 2 3 4 |  4.0
Spellcasting   | 3 4 6 8 10 11 | 11.3
Fighting       | 1 2 3 |  3.7
Short Blades   | 2 3 4 |  4.5
Conjurations   | 1 2 |  2.9
Summonings     | 1 |  1.1
Unarmed Combat | |  0.1

Action                     |  1- 3 |  4- 6 |  7- 9 | 10-12 || total
---------------------------+-------+-------+-------+-------++-------
  Melee: Unarmed           |    53 |       |       |       ||    53
         Dagger            |     2 |    85 |   217 |    77 ||   381
         Tailslap          |     1 |    17 |    32 |    11 ||    61
   Cast: Necrotise         |    74 |    69 |   184 |   105 ||   432
         Magic Dart        |       |    26 |   121 |    44 ||   191
         Call Imp          |       |       |     3 |     4 ||     7
         Vampiric Draining |       |       |       |    20 ||    20
 Invoke: Ancestor Life: He |       |       |     1 |       ||     1
    Use: Scroll            |     3 |     7 |     9 |     3 ||    22
         Potion            |       |     1 |     4 |     3 ||     8
   Stab: Sleeping          |       |       |     2 |       ||     2
         Confused          |       |       |     1 |       ||     1
 Armour: Robe              |    40 |    61 |   163 |    57 ||   321
  Dodge: Dodged            |    40 |    59 |   139 |    61 ||   299
